 Dungeon Crawl Stone Soup version 0.29-a0-334-gb41bcbb86e (webtiles) character file.

Game seed: 2841657541503026708

114 Iriteq the Skirmisher (level 4, -1/37 HPs)
             Began as a Demonspawn Brigand on Apr 14, 2022.
             Killed from afar by Robin (6 damage)
             ... with a puff of flame
             ... on level 2 of the Dungeon.
             The game lasted 00:02:22 (2090 turns).

Iriteq the Skirmisher (Demonspawn Brigand)          Turns: 2090, Time: 00:02:22

Health: -1/37      AC: 12    Str:  9    XL:     4   Next: 67%
Magic:  4/4        EV: 10    Int: 13    God:
Gold:   129        SH:  4    Dex: 16    Spells: 3/3 levels left

rFire   . . .      SeeInvis .   j - +1 dagger (speed)
rCold   . . .      Faith    .   (no shield)
rNeg    . . .      Spirit   .   m - +0 ring mail
rPois   .          Reflect  .   (no helmet)
rElec   .          Harm     .   c - +0 cloak
rCorr   .          Rampage  .   (no gloves)
Will    .....                   (no boots)
Stlth   ++........              (no amulet)
HPRegen 0.12/turn               (no ring)
MPRegen 0.09/turn               (no ring)

@: sanguine armoured
A: ignite blood 1, sanguine armour 1, large bone plates 1, weak 1
a: no special abilities


You were on level 2 of the Dungeon.
You visited 1 branch of the dungeon, and saw 2 of its levels.

You collected 159 gold pieces.
You spent 30 gold pieces at shops.

Inventory:

Hand Weapons
 a - a +2 dagger
 j - a +1 dagger of speed (weapon)
   (You took it off a kobold on level 1 of the Dungeon)
Missiles
 d - 9 poisoned darts (quivered)
 e - 3 curare-tipped darts {!f}
 n - a throwing net {!f}
Armour
 b - a +0 robe
 c - a +0 cloak (worn)
 m - a +0 ring mail (worn)
   (You found it on level 1 of the Dungeon)
Jewellery
 p - a ring of poison resistance
   (You found it on level 2 of the Dungeon)
Scrolls
 f - 2 scrolls of identify {unknown}
 i - 2 scrolls of teleportation {unknown}
 k - a scroll of fear {unknown}
 o - a scroll of blinking {unknown}
Potions
 g - 3 potions of curing {@q1}
 h - a potion of brilliance {unknown}
 l - 3 potions of mutation {!q}
 q - a potion of heal wounds {unknown}


   Skills:
 - Level 4.0 Fighting
 + Level 3.2 Short Blades
 - Level 1.7 Throwing
 - Level 0.8 Dodging
 - Level 3.6 Stealth


You had 3 spell levels left.
You didn't know any spells.
Your spell library was empty.

Dungeon Overview and Level Annotations

Branches:
Dungeon (2/15)

Altars:

Shops:
D:1 !

Annotations:
D:2 Robin


Innate Abilities, Weirdness & Mutations

Your demonic aura sometimes causes spilled blood to erupt in flames.
When seriously injured, your blood forms armour. (AC +6)
You are partially covered in large bone plates. (SH +4)
You are weak. (Str -2)


Message History

The goblins go into a battle-frenzy!
The goblin barely misses you. You block the goblin's attack.
Unknown command.
You hit the goblin.
You kill the goblin!
The hobgoblin closely misses you.
Things that are here:
a +0 dagger; a hobgoblin corpse Unknown command.
You hit the hobgoblin but do no damage.
Your blood armour dries and flakes away.
The hobgoblin barely misses you. The goblin closely misses you.
You hit the hobgoblin but do no damage. The hobgoblin barely misses you.
The goblin closely misses you.
Unknown command.
You completely miss the hobgoblin. You hit the hobgoblin.
You block the hobgoblin's attack. The goblin hits you but does no damage.
Unknown command.
You hit the hobgoblin. You hit the hobgoblin.
You kill the hobgoblin!
You block the goblin's attack.
Unknown command.
You hit the goblin. You hit the goblin.
You kill the goblin!
You block the goblin's attack.
Unknown command.
Robin zaps a wand.
The puff of flame hits you!
* * * LOW HITPOINT WARNING * * *
Your blood congeals into armour.
Items here: ))) ††.
You hit Robin. You barely miss Robin.
Robin zaps a wand.
The puff of flame hits you!
* * * LOW HITPOINT WARNING * * *
The goblin hits you but does no damage.
You hit Robin but do no damage. Robin hits you but does no damage.
You block the goblin's attack.
Unknown command.
You hit Robin.
The hobgoblin no longer looks unusually strong.
You hit Robin.
Robin flexes a bicep menacingly.
Robin zaps a wand.
The puff of flame hits you.
You die...

#.##....#.....#.#
#.#######.....#.#
#.# #.# #.# #.#
#.# #g# #@# #g#
#g.......
....##### ####.#
.# .. ##


You could see Robin, a hobgoblin and a goblin (strong).

Vanquished Creatures
  An iguana (D:2)
  Terence (D:2)
  An adder (D:2)
  A worm (D:2)
  3 dart slugs
  A ball python (D:1)
  2 bats
  3 giant cockroaches (D:1)
  7 goblins
  11 hobgoblins
  4 kobolds
  A frilled lizard (D:1)
  4 rats (D:1)
40 creatures vanquished.

Notes
Turn   | Place    | Note
-------+----------+-------------------------------------------
     0 | D:1      | Iriteq the Demonspawn Brigand began the quest for the Orb.
     0 | D:1      | Reached XP level 1. HP: 16/16 MP: 1/1
   215 | D:1      | Gained mutation: When seriously injured, your blood forms
                  | armour. (AC +6) [demonic ancestry]
   215 | D:1      | Reached XP level 2. HP: 12/23 MP: 2/2
   765 | D:1      | Reached skill level 3 in Fighting
  1041 | D:1      | Found Xinkicku's Distillery.
  1097 | D:1      | Bought a potion of curing for 30 gold pieces
  1545 | D:2      | Gained mutation: Your demonic aura sometimes causes spilled
                  | blood to erupt in flames. [demonic ancestry]
  1545 | D:2      | Reached XP level 3. HP: 24/29 MP: 3/3
  1715 | D:2      | Noticed Terence
  1726 | D:2      | Killed Terence
  1848 | D:2      | Reached XP level 4. HP: 37/37 MP: 4/4
  1896 | D:2      | Reached skill level 4 in Fighting
  2039 | D:2      | Noticed Robin
  2040 | D:2      | Gained mutation: You are weak. (Str -2) [potion of
                  | mutation]
  2040 | D:2      | Gained mutation: You are partially covered in large bone
                  | plates. (SH +4) [potion of mutation]
  2090 | D:2      | Killed from afar by Robin

Illustrated notes

Levels and vault maps discovered:
D:1:      heliophobic_arrival_battle_scene, layout_basic, serial_shops,
          shop_coins, hex_intersection
D:2:      layout_basic, minmay_misc_feat_diagonals, uniq_robin, uniq_terence

Skill      XL: |  1  2  3  4 |
---------------+-------------+-----
Fighting       | 3 4 |  4.0
Short Blades   | 2 3 |  3.2
Throwing       | |  1.7
Dodging        | |  0.8
Stealth        | |  3.6

Action                   |  1- 3 |  4- 6 || total
-------------------------+-------+-------++-------
Melee: Dagger            |   109 |    67 ||   176
Throw: Dart              |     5 |       ||     5
  Use: Potion            |       |     1 ||     1
 Stab: Sleeping          |     3 |     1 ||     4
Armor: Robe              |    13 |       ||    13
       Ring mail         |     4 |    22 ||    26
Dodge: Dodged            |    48 |    30 ||    78
Block: Other             |       |    12 ||    12

Table legend: (Time is in decaauts)
 A = Elapsed time spent in this place.
 B = Non-inter-level travel time spent in this place.
 C = Inter-level travel time spent in this place.
 D = Time resting spent in this place.
 E = Time spent auto-exploring this place.
 F = Levels seen in this place.
 G = Mean time per level.
                   A        B        C        D        E       F      G
               +--------+--------+--------+--------+--------+-----+--------+
         Total |   2033 |   1973 |     60 |    686 |    964 |   2 | 1016.5 |
       Dungeon |   2033 |   1973 |     60 |    686 |    964 |   2 | 1016.5 |
               +--------+--------+--------+--------+--------+-----+--------+

Top non-repeatable levels by time:
     D:1: 1516 daAuts
     D:2: 517 daAuts
